Map: Acropolis LE

Players

pHARM - Winner!

  • Race: Zerg Zerg
  • League: Platinum
  • Spawn Location: 11:00

Spectre

  • Race: Zerg Zerg
  • League: Platinum
  • Spawn Location: 5:00

VOD

Have the link to the VOD?

Description

Time

  • Played on: Aug. 20, 2019, 11:24 p.m.
  • Length: 11:37
Show
View Real Time Build Order
Export as new Build Order

pHARM Zerg - Winner!

Build Orders: Hatch First, Roach Hydra 

Get SALT Encoding   

  12  0:01  Drone  
  13  0:13  Overlord  
  13  0:22  Drone  
  14  0:31  Drone x2  
  16  0:36  Drone  
  17  0:58  Drone  
  17  0:59  Hatchery  
  17  1:12  Spawning Pool  
  17  1:14  Drone  
  17  1:24  Drone  
  17  1:25  Drone  
  19  1:33  Drone  
  19  1:37  Extractor  
  19  1:41  Drone  
  20  1:59  Overlord  
  20  2:01  Queen  
  22  2:11  Queen  
  22  2:13  Drone  
  22  2:14  Drone x2  
  27  2:24  Drone x2  
  29  2:33  Drone x2  
  31  2:37  Lair  
  31  2:50  Drone x2  
  33  2:54  Overlord  
  33  2:55  Overlord  
  33  3:08  Drone x2  
  35  3:17  Drone x2  
  35  3:19  Queen  
  39  3:26  Evolution Chamber  
  38  3:30  Drone x2, Roach Warren  
  38  3:31  Drone x4  
  38  3:33  Evolution Chamber  
  42  3:37  Drone  
  42  3:38  Drone  
  44  3:47  Extractor  
  43  3:48  Extractor  
  43  3:52  Zerg Missile Weapons Level 1  
  43  3:55  Drone x2  
  44  4:07  Drone x2  
  44  4:08  Drone x3  
  49  4:10  Glial Reconstitution  
  49  4:14  Overlord  
  49  4:15  Roach  
  51  4:18  Drone  
  52  4:30  Hatchery  
  51  4:36  Roach x4  
  59  4:50  Overlord x2  
  59  5:10  Roach x6  
  59  5:13  Overlord  
  59  5:14  Overlord  
  71  5:16  Overlord x2  
  71  5:33  Roach x2  
  71  5:34  Roach x3  
  81  5:46  Drone  
  81  5:47  Drone x6  
  88  5:58  Zerg Missile Weapons Level 2  
  88  5:59  Zerg Ground Armor Level 1  
  88  6:04  Drone  
  88  6:06  Hydralisk Den  
  68  6:28  Roach x14  
  68  6:29  Roach  
  86  6:44  Roach x5  
  86  6:46  Overlord, Spine Crawler  
  95  6:47  Spine Crawler  
  95  6:52  Extractor  
  93  7:12  Grooved Spines  
  93  7:17  Overlord x4  
  93  7:35  Drone x4  
  93  7:36  Drone x7  
  104  7:54  Extractor  
  104  7:55  Extractor  
  104  7:57  Drone  
  104  7:58  Drone x3  
  104  7:59  Drone  
  104  8:04  Drone x2  
  109  8:12  Infestation Pit, Drone  
  109  8:24  Hydralisk x8  
  125  8:32  Hatchery  
  125  8:33  Overlord x3  
  124  8:53  Hydralisk  
  124  8:54  Hydralisk x7  
  140  9:12  Roach  
  140  9:13  Roach x9  
  140  9:27  Overseer  
  140  9:31  Spore Crawler  
  140  9:34  Spore Crawler  
  140  9:38  Spore Crawler, Spine Crawler  
  137  9:40  Hive, Spine Crawler  
  137  9:42  Muscular Augments  
  137  9:43  Roach  
  137  9:44  Roach x13  
  163  10:00  Drone x10  
  123  10:38  Hydralisk x3  
  123  10:39  Hydralisk x14  
  155  10:52  Hydralisk x4  
Show
View Real Time Build Order
Export as new Build Order

Spectre Zerg 

Build Orders: Pool First 

Get SALT Encoding   

  12  0:01  Drone  
  13  0:12  Overlord  
  13  0:17  Drone  
  14  0:31  Drone x2  
  16  0:42  Spawning Pool  
  15  0:45  Drone  
  16  1:06  Hatchery  
  16  1:10  Drone  
  16  1:14  Drone  
  17  1:25  Drone x2  
  19  1:26  Extractor  
  18  1:33  Queen  
  20  1:40  Overlord  
  20  1:46  Drone  
  21  1:59  Zergling x2  
  22  2:07  Zergling x2  
  23  2:11  Queen  
  23  2:15  Overlord  
  25  2:26  Queen  
  25  2:28  Drone x2  
  29  2:34  Drone  
  29  2:36  Metabolic Boost  
  30  2:39  Drone  
  31  2:50  Drone x4  
  35  3:00  Drone  
  35  3:01  Drone  
  37  3:09  Drone x2  
  38  3:21  Zergling x2  
  38  3:22  Zergling x2  
  38  3:26  Baneling Nest  
  39  3:30  Extractor  
  38  3:34  Evolution Chamber, Drone  
  38  3:35  Evolution Chamber, Drone x2  
  39  3:43  Overlord x2  
  39  3:45  Drone x2  
  41  3:56  Zergling x4  
  41  4:01  Zerg Ground Armor Level 1  
  43  4:04  Zergling x8  
  47  4:12  Zerg Melee Weapons Level 1  
  47  4:14  Zergling x10  
  52  4:18  Baneling  
  52  4:27  Drone x5  
  57  4:31  Baneling x2  
  57  4:33  Drone  
  57  4:37  Overlord  
  57  5:01  Drone, Hatchery  
  57  5:02  Drone x6  
  57  5:07  Extractor x2  
  61  5:18  Drone  
  61  5:19  Zergling x4  
  64  5:34  Overlord x5  
  64  5:37  Lair  
  64  5:46  Zergling x4  
  66  5:50  Spine Crawler  
  66  5:51  Spine Crawler  
  66  5:55  Zergling x4  
  65  6:06  Zergling x2  
  65  6:07  Zergling x8  
  65  6:17  Zergling x2  
  65  6:18  Zergling x10  
  65  6:29  Drone x2  
  65  6:30  Drone  
  67  6:36  Zerg Ground Armor Level 2  
  67  6:37  Zerg Melee Weapons Level 2  
  67  6:44  Infestation Pit, Drone  
  67  6:45  Drone x2  
  69  6:56  Drone x3  
  72  7:09  Zergling x2  
  72  7:10  Zergling x6  
  72  7:14  Centrifical Hooks  
  76  7:16  Zergling x10  
  76  7:21  Drone x4  
  76  7:22  Drone  
  86  7:30  Pathogen Glands  
  86  7:31  Infestor x3  
  86  7:32  Infestor  
  91  7:44  Extractor  
  91  7:45  Extractor  
  91  7:49  Zergling x8  
  91  7:50  Zergling x6  
  96  7:57  Hatchery  
  95  7:59  Zergling x4  
  95  8:00  Zergling x12  
  95  8:04  Infestor x2  
  107  8:06  Burrow  
  107  8:11  Drone x2  
  109  8:20  Overseer  
  109  8:24  Zergling x10  
  114  8:35  Overlord  
  114  8:36  Overlord x5  
  114  8:57  Drone x6  
  114  8:58  Drone x5  
  125  9:09  Infestor x2  
  112  9:10  Infestor x3  
  81  9:27  Zergling x10  
  81  9:28  Zergling x20  
  96  9:34  Hive  
  96  9:37  Roach Warren  
  95  9:41  Zergling x8  
  95  9:42  Zergling x4  
  100  9:49  Baneling  
  100  9:50  Baneling x6  
  100  9:51  Baneling x6  
  100  9:59  Zergling x8  
  108  10:00  Zergling x10  
  108  10:34  Zergling x12  
  108  10:35  Zergling x10  
  100  10:42  Zergling x6  
  96  10:43  Zergling x8  
  96  10:47  Zergling x6  
  93  11:02  Zergling x8  
  87  11:09  Zergling x6  
  75  11:18  Zergling x6  
Tags
 
Composition
Roach Hydra
Matchup
ZvZ
Race
Zerg
Replay Pack
10.7.19
Spawn Locations
Cross Positions
Add a new tag
Caveats
  • Supply blocks, unpowered buildings, or Contaminate may cause inaccurate times.
  • Supply counts are checked every 10 seconds.